Selects Luftwaffe Battlegroup
Selects Luftwaffe Pioneer Support
Fallschirmpioneer Squad Paradrop
Construct Infanterie Kompanie
Fallschirmpioneer Squad Paradrop
Construct Panzergrenadier Kompanie
Fallschirmpioneer Squad Paradrop
Selects Flak 38 Anti-Air Emplacement
Fallschirmpioneer Squad Paradrop
Selects Flak 36 Anti-tank Gun Emplacement
Selects Stuka Strafing Run
Selects Fallschirmjäger Squad Paradrop
Pak 40 Anti-tank Gun Team